 Dungeon Sprint DCSS version 0.27.1-33-g824d729ab1 (webtiles) character file.

Game seed: 16655533831856403313

1176 Hipnos the Imperceptible (level 8, -6/63 HPs)
             Began as a Spriggan Brigand on Nov 26, 2021.
             Was a Follower of Trog.
             Mangled by a deep troll (13 damage)
             ... in the Dungeon (Sprint I: "Red Sonja").
             The game lasted 00:02:58 (705 turns).

Hipnos the Imperceptible (Spriggan Brigand)          Turns: 705, Time: 00:02:59

Health: -6/63      AC:  4    Str:  7    XL:     8   Next: 18%
Magic:  9/9        EV: 22    Int: 12    God:    Trog [*.....]
Gold:   566        SH:  0    Dex: 19    Spells: 7/7 levels left

rFire    . . .     SeeInvis +   a - +2 dagger
rCold    . . .     Faith    .   (shield restricted)
rNeg     . . .     Spirit   .   n - +1 robe {Will+}
rPois    +         Reflect  .   (helmet restricted)
rElec    .         Harm     .   c - +0 cloak
rCorr    .         Rampage  .   (gloves unavailable)
Will     ++...     NoTele   +   (boots unavailable)
Stlth    ..........             (no amulet)
HPRegen  0.20/turn              m - ring of poison resistance
MPRegen  0.11/turn              (no ring)

@: berserking, very quick
A: very small, no large weapons, unfitting armour, see invisible, speed 3
a: Renounce Religion, Berserk


You were in the Dungeon.
You worshipped Trog.
Trog was aware of your devotion.
You visited 1 branch You collected 731 gold pieces.
You spent 165 gold pieces at shops.

Inventory:

Hand Weapons
 a - a +2 dagger (weapon)
Missiles
 d - 6 poisoned darts (quivered)
 e - 7 curare-tipped darts
Armour
 b - a +0 robe
 c - a +0 cloak (worn)
 n - a +1 robe of willpower (worn)
Jewellery
 m - a ring of poison resistance (left hand)
Scrolls
 k - a scroll of blinking
 l - a scroll of identify {unknown}
Potions
 f - 4 potions of curing
 g - a potion of heal wounds
 h - a potion of haste
 i - 2 potions of magic
 j - a potion of berserk rage


   Skills:
 * Level 4.8 Fighting
 * Level 7.1 Short Blades
 - Level 2.0 Throwing
 * Level 7.9 Dodging
 * Level 21.0 Stealth


You had 7 spell levels left.
You didn't know any spells.
Your spell library was empty.

Dungeon Overview and Level Annotations

Branches:
Dungeon (1/1)

Altars:
Cheibriados
Dithmenos
Elyvilon
Fedhas
Gozag
Hepliaklqana
Kikubaaqudgha
Makhleb
Nemelex Xobeh
Okawaru
Qazlal
Ru
Sif Muna
Trog
Uskayaw
Vehumet
Wu Jian
Xom
Yredelemnul
Zin
The Shining One
Jiyva
Lugonu

Shops:
D [?


Innate Abilities, Weirdness & Mutations

You are very small and have problems with some larger weapons.
You are too small for most types of armour.
You have supernaturally acute eyesight. (SInv)
You cover ground extremely quickly. (Speed+++)


Message History

The deep troll shouts!
You see here 27 gold pieces.
You hit the deep troll but do no damage.
The deep troll bites you! The deep troll misses you.
The deep troll closely misses you.
You see here 27 gold pieces.
Throw: 8 darts (poison)
Press: ? - help, Q - select action, (/) - cycle Shift-Dir - straight line, f - deep troll
Aim: a deep troll (64% to hit)
You throw a poisoned dart.
The poisoned dart barely misses the deep troll.
There is an open door here.
Throw: 7 darts (poison)
Press: ? - help, Q - select action, (/) - cycle Shift-Dir - straight line, f/p - deep troll
Aim: a deep troll (64% to hit)
You throw a poisoned dart. The poisoned dart hits the deep troll.
The deep troll is poisoned.
There is an open door here.
A red film seems to cover your vision as you go berserk!
You feel yourself moving faster!
You feel mighty!
You puncture the deep troll!
The deep troll is moderately wounded.
You hit the deep troll.
The deep troll is moderately wounded.
The deep troll bites you! The deep troll closely misses you.
The deep troll misses you.
You completely miss the deep troll.
The deep troll is moderately wounded.
You hit the deep troll.
The deep troll is moderately wounded.
The deep troll bites you. The deep troll claws you. The deep troll claws you!!
* * * LOW HITPOINT WARNING * * *
You puncture the deep troll!
The deep troll is heavily wounded.
You hit the deep troll.
The deep troll is severely wounded.
The deep troll closely misses you. The deep troll claws you.
* * * LOW HITPOINT WARNING * * *
The deep troll claws you!
You die...

#..#####'#####'#__####
#..####..#...#|####
#..#__####..##.#
#).#_____##'#_.+
#⌠⌠#_.∩...'..._#
####_..__##_.#'#
#_____###'#.#
############.####+###
#∩^.......@T..($$.$(+
###++++####.).#######
###.### #.#'#.#
#.....# #...).#
#######


You could see a deep troll (poisoned).

Vanquished Creatures
  Sonja (D)
  A slime creature (D)
  Sigmund (D)
  A yak (D)
  An ogre (D)
  A jelly (D)
  Ijyb (D)
7 creatures vanquished.

Vanquished Creatures (others)
  2 ballistomycete spores (D)
2 creatures vanquished.

Grand Total: 9 creatures vanquished

Notes
Turn   | Place    | Note
-------+----------+-------------------------------------------
     0 | D        | Hipnos the Spriggan Brigand began the quest for the Orb.
     0 | D        | Reached XP level 1. HP: 10/10 MP: 2/2
     1 | D        | Noticed Ijyb
     6 | D        | Killed Ijyb
     7 | D        | Reached skill level 9 in Stealth
     7 | D        | Reached XP level 2. HP: 15/15 MP: 3/3
     8 | D        | Noticed an ogre
    30 | D        | Killed an ogre
    31 | D        | Reached skill level 12 in Stealth
    31 | D        | Reached XP level 3. HP: 9/19 MP: 4/4
    31 | D        | Reached XP level 4. HP: 10/23 MP: 5/5
   217 | D        | Noticed Sigmund
   220 | D        | Killed Sigmund
   221 | D        | Reached skill level 5 in Short Blades
   221 | D        | Reached skill level 5 in Dodging
   221 | D        | Reached skill level 15 in Stealth
   221 | D        | Reached XP level 5. HP: 28/28 MP: 6/6
   221 | D        | Reached XP level 6. HP: 32/32 MP: 7/7
   232 | D        | Found an ornate altar of the Wu Jian Council.
   232 | D        | Found a shimmering blue altar of Sif Muna.
   234 | D        | Found a radiant altar of Vehumet.
   246 | D        | Reached skill level 16 in Stealth
   383 | D        | Found Hetidea's Magic Scroll Emporium.
   383 | D        | Found an ancient bone altar of Kikubaaqudgha.
   383 | D        | Found a hazy altar of Hepliaklqana.
   383 | D        | Found a stormy altar of Qazlal.
   383 | D        | Found a hide-covered altar of Uskayaw.
   383 | D        | Found a blossoming altar of Fedhas.
   383 | D        | Found a bloodstained altar of Trog.
   383 | D        | Found an iron altar of Okawaru.
   383 | D        | Found a basalt altar of Yredelemnul.
   383 | D        | Found a glowing golden altar of the Shining One.
   383 | D        | Found a snail-covered altar of Cheibriados.
   383 | D        | Found a sacrificial altar of Ru.
   383 | D        | Found a glowing silver altar of Zin.
   383 | D        | Found a shadowy altar of Dithmenos.
   383 | D        | Found a white marble altar of Elyvilon.
   383 | D        | Noticed a yak
   384 | D        | Found an opulent altar of Gozag.
   385 | D        | Killed a yak
   386 | D        | Reached skill level 17 in Stealth
   386 | D        | Found a sparkling altar of Nemelex Xobeh.
   390 | D        | Became a worshipper of Trog the Wrathful
   438 | D        | Found a burning altar of Makhleb.
   438 | D        | Found a viscous altar of Jiyva.
   438 | D        | Found a shimmering altar of Xom.
   438 | D        | Found a corrupted altar of Lugonu.
   438 | D        | Noticed a slime creature
   441 | D        | Killed a slime creature
   442 | D        | Reached skill level 18 in Stealth
   442 | D        | Reached XP level 7. HP: 37/37 MP: 8/8
   466 | D        | Noticed Sonja
   470 | D        | Killed Sonja
   470 | D        | Reached * piety under Trog
   471 | D        | Reached skill level 21 in Stealth
   471 | D        | Reached XP level 8. HP: 42/42 MP: 9/9
   656 | D        | Found Rapris's Armour Boutique.
   664 | D        | Bought a +1 robe of willpower for 165 gold pieces
   686 | D        | Noticed a deep troll
   705 | D        | Mangled by a deep troll

Illustrated notes

Levels and vault maps discovered:
D:        dungeon_sprint_1 [red_sonja_temple_1, red_sonja_temple_small_1]

Skill      XL: |  1  2  3  4  5  6  7 |
---------------+----------------------+-----
Fighting       | 2 3 4 |  4.8
Short Blades   | 3 4 5 6 7 |  7.1
Dodging        | 2 4 5 7 |  7.9
Stealth        | 9 12 15 18 21 | 21.0
Throwing       | |  2.0

Action                   |  1- 3 |  4- 6 |  7- 9 || total
-------------------------+-------+-------+-------++-------
Melee: Dagger            |     6 |     9 |     8 ||    23
Throw: Dart              |     7 |     1 |     2 ||    10
Invok: Berserk           |       |       |     1 ||     1
 Stab: Sleeping          |     1 |     3 |     1 ||     5
Armor: Robe              |       |     2 |       ||     2
Dodge: Dodged            |     5 |     3 |     5 ||    13
